 Dungeon Crawl Stone Soup version 0.27.1-4-g1640c2035a (webtiles) character file.

Game seed: 11563785805375020427

0 ddubois the Sneak (level 1, -1/11 HPs)
             Began as a Spriggan Delver on Nov 12, 2021.
             Slain by an ufetubus (4 damage)
             ... on level 5 of the Dungeon.
             The game lasted 00:01:59 (205 turns).

ddubois the Sneak (Spriggan Delver)                  Turns: 205, Time: 00:02:00

Health: -1/11      AC:  2    Str:  8    XL:     1   Next: 0%
Magic:  2/2        EV: 17    Int: 11    God:
Gold:   25         SH:  0    Dex: 16    Spells: 0/0 levels left

rFire    . . .     SeeInvis +   a - +0 short sword
rCold    . . .     Faith    .   (shield restricted)
rNeg     . . .     Spirit   .   b - +0 robe
rPois    .         Reflect  .   (helmet restricted)
rElec    .         Harm     .   (no cloak)
rCorr    .         Rampage  .   (gloves unavailable)
Will     .....                  (boots unavailable)
Stlth    ++++......             (no amulet)
HPRegen  0.03/turn              (no ring)
MPRegen  0.08/turn              (no ring)

@: very quick
A: very small, no large weapons, unfitting armour, see invisible, speed 3
a: no special abilities


You were on level 5 of the Dungeon.
You visited 1 branch of the dungeon, and saw 1 of its levels.

You collected 25 gold pieces.

Inventory:

Hand Weapons
 a - a +0 short sword (weapon)
Armour
 b - a +0 robe (worn)
Wands
 g - a wand of digging (3)
 h - a wand of mindburst (14)
Scrolls
 c - a scroll of fog
 d - a scroll of magic mapping
 e - a scroll of fear
Potions
 f - a potion of haste


   Skills:
 + Level 2.4 Fighting
 + Level 2.1 Short Blades
 + Level 2.6 Dodging
 + Level 7.2 Stealth


You couldn't memorise any spells.
You didn't know any spells.
Your spell library was empty.

Dungeon Overview and Level Annotations

Branches:
Dungeon (5/15)
 Temple: D:4-7

Altars:

Portals:
Sewer: D:5


Innate Abilities, Weirdness & Mutations

You are very small and have problems with some larger weapons.
You are too small for most types of armour.
You have supernaturally acute eyesight. (SInv)
You cover ground extremely quickly. (Speed+++)


Message History

An ice beast comes into view.
Found 9 gold pieces.
Found a glowing drain.
Found a ring mail.
You open the door.
There is an open door here.
A ball python comes into view.
A giant cockroach comes into view.
An ufetubus opens the door.
You hear the slow rusting of a drain.
The ball python hisses angrily.
A scorpion and a gnoll sergeant come into view.
The gnoll sergeant shouts!
The ufetubus shouts!
You open the door.
There is an open door here.
There is a stone staircase leading down here.
You close the door.
An orc comes into view. It is wielding a +0 flail.
The ufetubus hits you but does no damage.
The ufetubus completely misses you.
Found 19 gold pieces.
You open the door.
There is an open door here.
You open the door. The ufetubus hits you. The ufetubus barely misses you.
There is an open door here.
You open the door. The ufetubus barely misses you. x2
There is an open door here.
You hear the slow rusting of a very distant drain.
As you open the door, it creaks loudly!
Found a scroll labelled MUOSUNL BUBEUTS.
There is an open door here.
You open the door.
Found a dagger.
There is an open door here.
Found a dagger.
The ufetubus misses you. The ufetubus hits you.
* * * LOW HITPOINT WARNING * * *
The ufetubus misses you. The ufetubus hits you.
You die...

#...# #.. #...#
...#####' #...#
........#. #.).#
........#. #...#
.......#. #...#
.......##
#...##+#####....#Y
#.5........#....#.
#@.........#....'.
#..........#....#.
#..######..#....##
#..###.##..###.Y..
#........... #....
#........... #....
#........... +....
#........... #....
#..##.###.## #....


You could see an ufetubus.

Vanquished Creatures (others)
  4 plants (D:5)
4 creatures vanquished.

Notes
Turn   | Place    | Note
-------+----------+-------------------------------------------
     0 | D:5      | ddubois the Spriggan Delver began the quest for the Orb.
     0 | D:5      | Reached XP level 1. HP: 11/11 MP: 2/2
    13 | D:5      | Noticed a scorpion
    20 | D:5      | Noticed a sky beast
    22 | D:5      | Noticed an ice beast
    47 | D:5      | Found a glowing drain.
    96 | D:5      | Noticed a scorpion
    96 | D:5      | Noticed a gnoll sergeant
   205 | D:5      | Slain by an ufetubus

Illustrated notes

Levels and vault maps discovered:
D:5:      layout_gridville, cheibrodos_sewer_entry_drain, serial_bayou_pond_c,
          minmay_chambers_of_fives

Action                   || total
-------------------------++-------
Armor: Robe              ||     1
Dodge: Dodged            ||     6
